 Dungeon Crawl Stone Soup version 0.27-a0-1281-ge233d83751 (webtiles) character file.

Game seed: 821610404018345044

163 deletemesenpai the Chopper (level 5, -8/46 HPs)
             Began as a Hill Orc Fighter on June 14, 2021.
             Was an Initiate of Beogh.
             Mangled by an orc warrior (13 damage)
             ... on level 3 of the Dungeon.
             The game lasted 00:08:29 (3713 turns).

deletemesenpai the Chopper (Hill Orc Fighter)       Turns: 3713, Time: 00:08:30

Health: -8/46      AC:  8    Str: 17 (19) XL:     5   Next: 44%
Magic:  5/5        EV:  7    Int:  7 (8)  God:    Beogh [......]
Gold:   110        SH:  9    Dex:  9 (11) Spells: 4/4 levels left

rFire    . . .     SeeInvis .   a - +0 war axe
rCold    . . .     Faith    .   c - +0 kite shield
rNeg     . . .     Spirit   .   b - +0 scale mail
rPois    .         Reflect  .   (no helmet)
rElec    .         Harm     .   (no cloak)
rCorr    .         Rampage  .   o - +0 pair of gloves
Will     .....                  (no boots)
Stlth    ..........             (no amulet)
HPRegen  0.15/turn              l - +4 ring of slaying
MPRegen  0.09/turn              (no ring)

@: mighty
A: no striking features
a: Renounce Religion


You were on level 3 of the Dungeon.
You worshipped Beogh.
Beogh was noncommittal.
You visited 1 branch of the dungeon, and saw 4 of its levels.

You collected 134 gold pieces.
You spent 24 gold pieces at shops.

Inventory:

Hand Weapons
 a - a +0 war axe (weapon)
Armour
 b - a +0 scale mail (worn)
 c - a +0 kite shield (worn)
 o - a +0 pair of gloves (worn)
 s - a +0 plate armour
Magical Staves
 q - a staff of cold
Jewellery
 l - a +4 ring of slaying (left hand)
Scrolls
 e - 4 scrolls of magic mapping {unknown}
 f - 4 scrolls of teleportation {unknown}
 h - a scroll of fear {unknown}
 i - a scroll of noise {unknown}
 j - a scroll of fog {unknown}
 k - a scroll of holy word {unknown}
 m - a scroll of torment {unknown}
 p - a scroll of identify
 r - a scroll of blinking {unknown}
Potions
 d - 2 potions of might
 g - 2 potions of degeneration


   Skills:
 + Level 4.2 Fighting
 + Level 4.2(4.8) Axes
 * Level 1.6(2.8) Maces & Flails
 * Level 2.0(3.0) Polearms
 + Level 3.8 Armour
 + Level 4.1 Shields


You had 4 spell levels left.
You didn't know any spells.
Your spell library contained the following spells:

 Spells                   Type           Power      Damage    Failure   Level
 Magic Dart               Conj           0%         1d3       99%         1
 Summon Small Mammal      Summ           0%         N/A       99%         1
 Blink                    Tloc           N/A        N/A       100%        2
 Call Imp                 Summ           0%         N/A       100%        2
 Slow                     Hex            0%         N/A       100%        2
 Call Canine Familiar     Summ           0%         N/A       100%        3
 Conjure Flame            Conj/Fire      0%         6-21      100%        3
 Mephitic Cloud           Conj/Pois/Air  0%         N/A       100%        3
 Summon Guardian Golem    Hex/Summ       0%         N/A       100%        3
 Summon Ice Beast         Ice/Summ       0%         N/A       100%        4
 Summon Lightning Spire   Summ/Air       0%         N/A       100%        4


Dungeon Overview and Level Annotations

Branches:
Dungeon (4/15)
 Temple: D:4-7

Altars:
Wu Jian

Shops:
D:2 [:?   D:3 *


Message History

You kill the orc!
Beogh accepts your kill.
Your shield and scale mail prevent you from hitting the orc.
You block the orc's attack.
You closely miss the orc warrior. You block the orc warrior's attack.
You slash the orc warrior!
The orc warrior is heavily wounded.
The orc warrior hits you with a +0 long sword!
A kobold comes into view. It is wielding a +0 short sword.
You hit the orc warrior but do no damage.
The orc warrior is heavily wounded.
You block the orc warrior's attack.
The orc warrior hits you with a +0 long sword!
You closely miss the orc warrior.
The orc warrior is heavily wounded.
The orc warrior barely misses you.
Okay, then.
You aren't carrying any items that you can evoke.
You closely miss the orc warrior.
The orc warrior is heavily wounded.
The orc warrior barely misses you.
The orc warrior hits you with a +0 long sword!!
* * * LOW HITPOINT WARNING * * *
It was a potion of degeneration.
There was something very wrong with that liquid.
You feel weakened.
You feel dopey.
You feel clumsy.
The orc warrior hits you with a +0 long sword.
* * * LOW HITPOINT WARNING * * *
You hear the slow rusting of a distant drain.
It was a potion of curing.
You feel better.
The orc warrior hits you with a +0 long sword!
* * * LOW HITPOINT WARNING * * *
There is a stone staircase leading up here.
You block the orc warrior's attack.
You climb upwards.
There is a stone staircase leading down here.
You feel very mighty all of a sudden.
The orc warrior hits you with a +0 long sword!
You die...
Beogh appreciates the orc warrior's killing of a heretic priest.

# ##..# ### #..# '.#
#..# #.#
######..######### #.#
##...............#
#.#####....##...######.#
#.##.##....##...######.#
#....##....##....o.....#
####.##....###..@#######
#...'....# #####
#..##....# #..#######
#..# ###..# .....#
####.# #.#


You could see an orc warrior.

Vanquished Creatures
  A centaur zombie (D:3)
  A centaur skeleton (D:4)
  2 adders (D:2)
  A worm (D:2)
  A dart slug (D:2)
  An orc (D:4)
  6 bats
  6 endoplasms
  12 giant cockroaches
  3 goblins
  9 hobgoblins
  8 jackals (D:2)
  5 kobolds
  5 ball pythons
  2 frilled lizards
  5 rats
68 creatures vanquished.

Notes
Turn   | Place    | Note
-------+----------+-------------------------------------------
     0 | D:1      | deletemesenpai the Hill Orc Fighter began the quest for the
                  | Orb.
     0 | D:1      | Reached XP level 1. HP: 19/19 MP: 1/1
   104 | D:1      | Found a faded altar of an unknown god.
   866 | D:1      | Reached XP level 2. HP: 24/25 MP: 2/2
  1562 | D:2      | Reached XP level 3. HP: 31/33 MP: 3/3
  1679 | D:2      | Found Idiusm's Magic Scroll Shoppe.
  1696 | D:2      | Reached skill level 1 in Polearms
  1764 | D:2      | Found an ornate altar of the Wu Jian Council.
  1795 | D:2      | Found Matruroc's Armour Emporium.
  2407 | D:2      | Found Hiell's Book Shop.
  2514 | D:2      | Reached skill level 1 in Maces & Flails
  2514 | D:2      | Reached XP level 4. HP: 40/40 MP: 4/4
  3044 | D:3      | Reached XP level 5. HP: 46/46 MP: 5/5
  3137 | D:3      | Found Xiunamil's General Store.
  3149 | D:3      | Bought a scroll of identify for 24 gold pieces
  3266 | D:3      | Became a worshipper of Beogh the Brigand
  3682 | D:4      | Noticed a kobold brigand
  3683 | D:4      | Noticed an orc warrior
  3713 | D:3      | Mangled by an orc warrior

Illustrated notes

Levels and vault maps discovered:
D:1:      elethiomel_arrival_shortcut, layout_basic,
          ebering_ecumenical_altar_box, minmay_bisected
D:2:      minmay_roachtagon, layout_basic, serial_shops, nicolae_shop_trees,
          nicolae_shop_statue_plus, shop, basic_altar, dk_noncrumbling_2,
          minmay_box_of_dots
D:3:      layout_basic, serial_shops, nicolae_shop_window_shopping
D:4:      layout_rooms, portal_sewer_entry_d, wad_rectangle_vault,
          uniq_blork_the_orc, uniq_sigmund

Skill      XL: |  1  2  3  4  5 |
---------------+----------------+-----
Axes           | 3 4 |  4.2
Fighting       | 4 |  4.2
Polearms       | 1 2 |  2.0
Maces & Flails | 1 |  1.6
Shields        | 4 |  4.1
Armour         | |  3.8

Action                   |  1- 3 |  4- 6 || total
-------------------------+-------+-------++-------
Melee: War axe           |   106 |    75 ||   181
Invok: Convert to Beogh  |       |     1 ||     1
  Use: Potion            |       |     3 ||     3
Armor: Scale mail        |    82 |    53 ||   135
Dodge: Dodged            |    70 |    31 ||   101
Block: Kite shield       |    96 |    58 ||   154

Table legend: (Time is in decaauts)
 A = Elapsed time spent in this place.
 B = Non-inter-level travel time spent in this place.
 C = Inter-level travel time spent in this place.
 D = Time resting spent in this place.
 E = Time spent auto-exploring this place.
 F = Levels seen in this place.
 G = Mean time per level.
                   A        B        C        D        E       F      G
               +--------+--------+--------+--------+--------+-----+--------+
         Total |   3810 |   3794 |     16 |    899 |   2147 |   4 |  952.5 |
       Dungeon |   3810 |   3794 |     16 |    899 |   2147 |   4 |  952.5 |
               +--------+--------+--------+--------+--------+-----+--------+

Top non-repeatable levels by time:
     D:2: 1561 daAuts
     D:1: 1555 daAuts
     D:3: 634 daAuts
     D:4: 59 daAuts
